 Dungeon Crawl Stone Soup version 0.19-a0-1401-g902f63d (webtiles) character file.

2795 4thArraOfDagon the Grappler (level 9, -1/74 HPs)
             Began as a Troll Ice Elementalist on Sept 4, 2016.
             Was a Follower of Nemelex Xobeh.
             Slain by an unseen horror (4 damage)
             ... on level 10 of the Dungeon.
             The game lasted 00:08:55 (1283 turns).

4thArraOfDagon the Grappler (TrIE)                  Turns: 1283, Time: 00:08:56

Health: -1/74      AC:  6    Str: 17 (18) XL:     9   Next: 43%
Magic:  9/9        EV:  9    Int: 11 (14) God:    Nemelex Xobeh [*.....]
Gold:   121        SH:  0    Dex:  7 (10) Spells: 1 memorised, 9 levels left

rFire  . . .     SeeInvis .       - Unarmed
rCold  . . .     Gourm    +     n - +1 robe {MR+}
rNeg   . . .     Faith    .     (no shield)
rPois  .         Spirit   .     (helmet restricted)
rElec  .         Dismiss  .     (no cloak)
rCorr  .         Reflect  .     (gloves unavailable)
MR     +....     Harm     .     (boots unavailable)
Stlth  +.........               (no amulet)
                                (no ring)
                                (no ring)

@: very slightly contaminated, invisible
A: unfitting armour, claws 3, fast metabolism 3, gourmand, regeneration 1,
shaggy fur 1, tough skin 2
a: Renounce Religion


You were on level 10 of the Dungeon.
You worshipped Nemelex Xobeh.
Nemelex Xobeh was aware of your devotion.
You were completely stuffed.

You visited 1 branch of the dungeon, and saw 11 of its levels.

You collected 121 gold pieces.

Inventory:

Armour
 a - a +0 robe
 n - a +1 robe of magic resistance (worn)
Magical Staves
 j - an uncursed staff of earth {unknown}
 z - an uncursed staff of summoning {unknown}
Wands
 h - a wand of confusion (15/48)
 o - a wand of flame (21/48)
 s - a wand of iceblast (4/15)
Scrolls
 d - 2 scrolls of remove curse {unknown}
 e - 7 scrolls of identify {unknown}
 f - a scroll of magic mapping {unknown}
 g - 4 scrolls of immolation {unknown}
 p - a scroll of teleportation {unknown}
 r - a scroll of enchant weapon {unknown}
 u - 2 scrolls of recharging {unknown}
 v - 2 scrolls of enchant armour {unknown}
 x - a scroll of vulnerability {unknown}
 y - a scroll of random uselessness {unknown}
Potions
 i - a potion of cure mutation
 q - a potion of magic
 w - a potion of heal wounds {unknown}
Books
 b - a book of Frost

   Spells                             Type                      Level
   a - Freeze                         Ice                          1
   b - Throw Frost                    Conjuration/Ice              2
   c - Ozocubu's Armour               Charms/Ice                   3
   d - Throw Icicle                   Conjuration/Ice              4
   e - Summon Ice Beast               Ice/Summoning                4
Miscellaneous
 k - a plain deck of summoning {drawn: 9}
Comestibles
 c - 4 bread rations
 t - 3 meat rations
 A - a beef jerky


   Skills:
 - Level 1.5 Dodging
 - Level 1.1 Stealth
 * Level 12.6 Unarmed Combat
 - Level 1.2 Spellcasting
   Level 0.6 Conjurations
 - Level 2.1 Ice Magic


You had 9 spell levels left.
You knew the following spells:

 Your Spells              Type           Power        Failure   Level  Hunger
a - Freeze                Ice            #...         14%         1    ##.....


Dungeon Overview and Level Annotations

Branches:
Dungeon (11/15)
 Temple: D:4-7         Lair: D:8-11         Orc: D:9-12

Altars:
Nemelex Xobeh
Qazlal

Shops:
D:7 ?


Innate Abilities, Weirdness & Mutations

You are too large for most types of armour.
You have claws for hands.
Your metabolism is lightning-fast.
You like to eat raw meat.
Your natural rate of healing is unusually fast.
You are covered in fur. (AC +1)
You have very tough skin. (AC +2)


Message History

Your icy blue scales disappear.
Your magical essence is no longer linked to your wands.
Something hits you.
* * * LOW HITPOINT WARNING * * *
Unknown command.
It was a potion of invisibility.
You fade into invisibility!
Something hits you.
* * * LOW HITPOINT WARNING * * *
You are very lightly contaminated with residual magic.
Unknown command.
You claw something! Something hits you!
* * * LOW HITPOINT WARNING * * *
Unknown command.
It was a potion of degeneration.
There was something very wrong with that liquid.
You feel weakened.
You feel dopey.
You feel clumsy. Something hits you.
You die...
Your body disappears without a glow.

...............#
...............#
#######..###...#
...####..#######
...............#
................#
................#
.......@........#
.......@.......#
...............# ###
#######'########'### ..#
#..................# ..#
#..................# ..#
#..................# <.#
#..................#
†.#####)..............>..#
†.†...........############


You could see the friendly 4thArraOfDagon's illusion.

Vanquished Creatures
  2 yaks (D:10)
  A hungry ghost (D:8)
  A sky beast (D:8)
  An orc warrior (D:9)
  A necrophage (D:8)
  2 black bears (D:8)
  An eye of draining (D:8)
  A centaur (D:8)
  A big kobold (D:8)
  7 killer bees
  3 howler monkeys (D:8)
  A giant frog zombie (D:8)
  A hound (D:9)
  2 orc priests
  3 orc wizards (D:8)
  A worker ant (D:8)
  An adder (D:8)
  A shadow imp (D:8)
  An ooze (D:5)
  7 orcs
  3 jackals (D:8)
  A quokka (D:8)
  6 kobolds (D:8)
  2 rats (D:1)
51 creatures vanquished.

Vanquished Creatures (collateral kills)
  The ghost of Roxy the Carver, a journeyman FoFi of Okawaru (D:10)
  Pikel (D:7)
  Joseph (D:7)
  A two-headed ogre (D:10)
  2 yaks (D:10)
  A slave (D:7)
  2 killer bees (D:10)
  An iguana (D:10)
  14 kobolds (D:8)
  A plant (D:8)
25 creatures vanquished.

Vanquished Creatures (others)
  A plant (D:8)
1 creature vanquished.

Grand Total: 77 creatures vanquished

Notes
Turn   | Place    | Note
-------+----------+-------------------------------------------
     0 | D:1      | 4thArraOfDagon the Troll Ice Elementalist began the quest for the Orb.
     0 | D:1      | Reached XP level 1. HP: 16/16 MP: 1/1
   106 | D:2      | You fall through a shaft for 2 floors!
   134 | D:4      | Found a sparkling altar of Nemelex Xobeh.
   143 | D:4      | Became a worshipper of Nemelex Xobeh the Trickster
   177 | D:4      | Reached skill level 1 in Unarmed Combat
   187 | D:4      | Found a stormy altar of Qazlal.
   212 | D:5      | Entered Level 5 of the Dungeon
   234 | D:5      | Reached XP level 2. HP: 24/24 MP: 2/2
   283 | D:7      | Received a gift from Nemelex Xobeh
   302 | D:7      | Found Somam's Magic Scroll Shop.
   304 | D:7      | Noticed a slave
   305 | D:7      | Noticed Pikel
   305 | D:7      | Noticed a slave
   307 | D:7      | Noticed a slave
   308 | D:7      | Noticed a slave
   320 | D:7      | Killed a slave
   321 | D:7      | Killed Pikel
   321 | D:7      | Reached skill level 5 in Unarmed Combat
   321 | D:7      | Reached XP level 3. HP: 31/31 MP: 3/3
   321 | D:7      | Reached XP level 4. HP: 39/39 MP: 4/4
   321 | D:7      | Reached XP level 5. HP: 45/45 MP: 5/5
   335 | D:7      | Noticed Joseph
   346 | D:7      | Killed Joseph
   346 | D:7      | Reached skill level 6 in Unarmed Combat
   346 | D:7      | Reached XP level 6. HP: 36/53 MP: 6/6
   438 | D:8      | Reached skill level 7 in Unarmed Combat
   494 | D:8      | Reached XP level 7. HP: 27/59 MP: 7/7
   672 | D:8      | Reached skill level 8 in Unarmed Combat
   721 | D:8      | Reached skill level 9 in Unarmed Combat
   724 | D:8      | jacquesderrida: Dagnar
   756 | D:8      | jacquesderrida: Here: an orc, wielding a club and wearing the +3 warlock's mirror {reflect}
   756 | D:8      | jacquesderrida: WHAT DO
   756 | D:8      | 4thArraOfDagon: shoooow
   756 | D:8      | jacquesderrida: I'll show him!
   756 | D:8      | jacquesderrida: Who da mastar!
   777 | D:8      | Reached XP level 8. HP: 57/67 MP: 8/8
   892 | D:8      | Reached skill level 10 in Unarmed Combat
   952 | D:8      | jacquesderrida: Trall
   959 | D:8      | jacquesderrida: Trel
   959 | D:8      | 4thArraOfDagon: im watching you!
   964 | D:8      | Gained mutation: You are partially covered in icy blue scales. (AC +2) [mutagenic meat]
   967 | D:8      | Gained mutation: You expend magic power (3 MP) to strengthen your wands. [mutagenic meat]
   988 | D:9      | Reached * piety under Nemelex Xobeh
  1101 | D:9      | Reached skill level 11 in Unarmed Combat
  1139 | D:10     | Entered Level 10 of the Dungeon
  1150 | D:10     | Noticed Roxy's ghost (journeyman FoFi)
  1160 | D:10     | Killed Roxy's ghost
  1160 | D:10     | Reached skill level 12 in Unarmed Combat
  1160 | D:10     | Reached XP level 9. HP: 74/74 MP: 6/9
  1280 | D:10     | Lost mutation: You are partially covered in icy blue scales. (AC +2) [potion of cure mutation]
  1280 | D:10     | Lost mutation: You expend magic power (3 MP) to strengthen your wands. [potion of cure mutation]
  1282 | D:10     | HP: 2/74 [something (12)]
  1283 | D:10     | Slain by an unseen horror

Vault maps used:
D:1:      lightli_arrival_isolated_outpost, grunt_decor_cap
D:2:      ecumenical_altar_1, kennysheep_jessica_study
D:3:      uniq_crazy_yiuf_cottage
D:4:      led_sif_pool, lemuel_coloured_pillars_altar, grunt_qazlal_sundering,
          first_bread, serial_shops, nicolae_shop_behind_doors
D:5:      old_standard_altar, serial_shops, kennysheep_mini,
          nicolae_shop_waterfront, shop, shop, shop, minmay_misc_feat_square,
          uniq_sigmund
D:6:      minmay_misc_feat_columns, nicolae_tso_swordbearing_angel
D:7:      serial_shops, shop, shop, uniq_pikel, uniq_joseph
D:8:      kennysheep_kobold_camp, minmay_joined_circles
D:9:      minitemple
D:10:     lair_0_dummy, basic_altar, grunt_tengu_nest, uniq_erica
D:11:     erik_orc_1, basic_altar

Skill      XL: |  1  2  3  4  5  6  7  8 |
---------------+-------------------------+-----
Unarmed Combat | 1 5 6 7 9 12 | 12.6
Dodging        | |  1.5
Stealth        | |  1.1
Spellcasting   | |  1.2
Conjurations   | |  0.6
Ice Magic      | |  2.1

Action                   |  1- 3 |  4- 6 |  7- 9 || total
-------------------------+-------+-------+-------++-------
Melee: Unarmed           |     9 |    35 |   140 ||   184
       Punch             |       |       |     2 ||     2
Evoke: Deck              |     2 |     2 |     5 ||     9
       Wand              |       |       |     4 ||     4
  Use: Potion            |       |       |     4 ||     4
 Stab: Distracted        |       |       |     1 ||     1
  Eat: Chunk             |       |     1 |    23 ||    24
       Beef jerky        |       |       |     1 ||     1
Armor: Robe              |     2 |     5 |    44 ||    51
Dodge: Dodged            |     2 |    14 |    51 ||    67
